 Dungeon Crawl Stone Soup version 0.29-a0-813-g4a14ea37d6 (webtiles) character file.

Game seed: 18367113529745901876

45 zeratav the Shooter (level 3, 0/18 HPs)
             Began as a Spriggan Hunter on July 5, 2022.
             Slain by a gnoll
             ... wielding a +0 spear
              (8 damage)
             ... on level 2 of the Dungeon.
             The game lasted 00:02:45 (1171 turns).

zeratav the Shooter (Spriggan Hunter)               Turns: 1171, Time: 00:02:46

Health: 0/18       AC:  2    Str:  7    XL:     3   Next: 42%
Magic:  4/4        EV: 18    Int: 10    God:
Gold:   109        SH:  0    Dex: 20    Spells: 2/2 levels left

rFire   . . .      SeeInvis +   a - +0 shortbow {bow}
rCold   . . .      Faith    .   (shield currently unavailable)
rNeg    . . .      Spirit   .   c - +0 robe
rPois   .          Reflect  .   (helmet restricted)
rElec   .          Harm     .   (no cloak)
rCorr   .          Rampage  .   (gloves unavailable)
Will    .....                   (boots unavailable)
Stlth   ++........              (no amulet)
HPRegen 0.06/turn               (no ring)
MPRegen 0.09/turn               (no ring)

@: very quick
A: very small, no large weapons, unfitting armour, see invisible, speed 3
a: no special abilities


You were on level 2 of the Dungeon.
You visited 1 branch of the dungeon, and saw 2 of its levels.

You collected 109 gold pieces.


Innate Abilities, Weirdness & Mutations

You are very small and have problems with some larger weapons.
You are too small for most types of armour.
You have supernaturally acute eyesight. (SInv)
You cover ground extremely quickly. (Speed+++)


   Skills:
 - Level 1.5 Fighting
 + Level 5.2 Ranged Weapons
 - Level 2.6 Dodging
 - Level 1.5 Stealth


You had 2 spell levels left.
You didn't know any spells.
Your spell library contained the following spells:

 Spells                   Type           Power      Damage    Failure   Level
 Frozen Ramparts          Ice            0%         1d2       75%         3
 Inner Flame              Hex/Fire       0%         N/A       75%         3
 Cause Fear               Hex            0%         N/A       98%         4
 Ice Form                 Ice/Tmut       0%         N/A       98%         4
 Summon Ice Beast         Ice/Summ       0%         N/A       98%         4
 Discord                  Hex            0%         N/A       100%        8

Inventory:

Hand Weapons
 a - a +0 shortbow (weapon) {bow}
Armour
 c - a +0 robe (worn)
Scrolls
 b - 2 scrolls of immolation {!r!r}
 d - 3 scrolls of identify {unknown}
 f - a scroll of torment {unknown}
Potions
 e - a potion of curing {unknown}
 g - a potion of haste {unknown}
 h - a potion of mutation {unknown}
 i - a potion of berserk rage {unknown}

Dungeon Overview and Level Annotations

Branches:
Dungeon (2/15) Zot: 11088

Altars:

Shops:
D:1

*[:* ###..####.#
##.####.#
#......# #......#
#......# ##..##.#
######### ##.##.#
........ #..#.#
#####...# ##.#.#
#.@.gg..####
######...#
#.#.###g.....#
#........# #.#.#
#......#####
#........# #.#†#
#.g......>..
#......#.# #.#.#
###....####.
##......#>#
#.#.######.###
........#.#
#.#.w).g...####
#.†.....#.#
#.###.........#
.....####.#
#................


You could see 3 gnolls.


Message History

Press: ? - help, Q - select action Shift-Dir - straight line, f/p - adder
Aim: an adder (severely wounded, 48% to hit)
You shoot an arrow. The arrow hits the adder!
You kill the adder!
Things that are here:
a +0 short sword {short}; an adder corpse; a kobold corpse
j - a +0 vampiric dagger {short}
Things that are here:
a goblin corpse; a quokka corpse HP[+11]
Your hp is fully restored (18).
Okay, then.
You drop a +0 vampiric dagger {short}.
You see here a +0 mace {mace}.
A dart slug comes into view.
You shoot an arrow. The arrow hits the dart slug.
You shoot an arrow.
The arrow hits the dart slug but does no damage.
You shoot an arrow. The arrow hits the dart slug.
You shoot an arrow. The arrow hits the dart slug.
The dart slug launches a dart at you. The slug dart misses you.
You shoot an arrow. The arrow hits the dart slug.
You hear a shout!
A gnoll comes into view. It is wielding a +0 flail.
The dart slug launches a dart at you. The slug dart hits you.
HP[-1]
You take 1 damage, and now have 17/18 hp.
You shoot an arrow. The arrow barely misses the dart slug.
The dart slug launches a dart at you. The slug dart misses you.
You shoot an arrow. The arrow barely misses the gnoll.
HP[+1]
Your hp is fully restored (18).
You shoot an arrow. The arrow hits the gnoll.
You shoot an arrow.
The arrow hits the gnoll but does no damage.
A worm comes into view.
Found an escape hatch in the floor.
Found a stone staircase leading up.
You shoot an arrow. The arrow barely misses the gnoll.
The arrow hits the dart slug but does no damage.
The gnoll hits you with a +0 flail.
HP[-3]
You take 3 damage, and now have 15/18 hp.
The worm barely misses you.
You shoot an arrow. The arrow barely misses the worm.
You shoot an arrow.
The arrow hits the worm but does no damage.
You shoot an arrow. The arrow hits the worm!
You shoot an arrow. The arrow hits the worm.
You shoot an arrow. The arrow hits the worm.
HP[+1]
You shoot an arrow.
The arrow hits the worm but does no damage.
You hear a shout!
You shoot an arrow. The arrow hits the worm!
You kill the worm!
You shoot an arrow.
The arrow hits the gnoll but does no damage.
You shoot an arrow. The arrow hits the gnoll.
The gnoll hits you with a +0 flail.
HP[-2]
You take 2 damage, and now have 14/18 hp.
You shoot an arrow. The arrow closely misses the gnoll.
The arrow hits the dart slug but does no damage.
You hear a shout!
The gnoll completely misses you. The gnoll hits you with a +0 flail!
* * * LOW HITPOINT WARNING * * *
HP[-7]
You take 7 damage, and now have 7/18 hp.
MASSIVE DAMAGE!! (PAUSE) 2 gnolls come into view.
The gnoll barely misses you.
You are too injured to fight recklessly!
Fire: a) +0 shortbow {bow}
Press: ? - help, Q - select action Shift-Dir - straight line, f/p - gnoll
Aim: a gnoll, wielding a +0 flail and wearing a ring of positive energy (heavily wounded, 68% to hit)
You shoot an arrow. The arrow hits the gnoll.
Fire: a) +0 shortbow {bow}
Press: ? - help, Q - select action Shift-Dir - straight line, f/p - gnoll
Aim: a gnoll, wielding a +0 flail and wearing a ring of positive energy (heavily wounded, 68% to hit)
You shoot an arrow. The arrow barely misses the gnoll.
The arrow hits the gnoll.
HP[+1] Fire: a) +0 shortbow {bow}
Press: ? - help, Q - select action Shift-Dir - straight line, f/p - gnoll
Aim: a gnoll, wielding a +0 flail and wearing a ring of positive energy (heavily wounded, 68% to hit)
You shoot an arrow. The arrow hits the gnoll.
The gnoll closely misses you.
Fire: a) +0 shortbow {bow}
Press: ? - help, Q - select action Shift-Dir - straight line, f - gnoll
Aim: a gnoll, wielding a +0 spear (68% to hit)
Okay, then.
Fire: a) +0 shortbow {bow}
Press: ? - help, Q - select action Shift-Dir - straight line, f - gnoll
Aim: a gnoll, wielding a +0 spear (68% to hit)
You shoot an arrow. The arrow barely misses the gnoll. x2
The gnoll hits you from afar with a +0 spear!
You die...

Skill      XL: |  1  2 |
---------------+-------+-----
Ranged Weapons | 5 |  5.2
Fighting       | |  1.5
Dodging        | |  2.6
Stealth        | |  1.5

Action                   || total
-------------------------++-------
 Fire: Shortbow          ||    97
Armor: Robe              ||     4
Dodge: Dodged            ||    27

Levels and vault maps discovered:
D:1:      mrwooster_arrival_statue_2, layout_loops_cross, serial_shops,
          nicolae_shop_statue_plus, nicolae_shop_crystal,
          nicolae_shop_behind_doors, nicolae_shop_overgrown_old_shop,
          minmay_misc_feat_tower, minivault_4
D:2:      layout_basic, ebering_ecumenical_altar_box, minmay_surrounded

Notes
Turn   | Place    | Note
-------+----------+-------------------------------------------
     0 | D:1      | zeratav the Spriggan Hunter began the quest for the Orb.
     0 | D:1      | Reached XP level 1. HP: 10/10 MP: 2/2
     0 | D:1      | magus.rc [v1.9.6]
    79 | D:1      | Found Leiseept's General Store.
    87 | D:1      | You pick up a book of Rime and begin reading...
    87 | D:1      | You add the spells Frozen Ramparts, Ice Form and Summon Ice
                  | Beast to your library.
   180 | D:1      | You pick up a book of Hexes and begin reading...
   180 | D:1      | You add the spells Inner Flame, Cause Fear and Discord to
                  | your library.
   364 | D:1      | Found Paemi's Armour Emporium.
   399 | D:1      | Found Reemur's Book Shop.
   409 | D:1      | Found Maklouso's Assorted Antiques.
   525 | D:1      | Reached XP level 2. HP: 14/14 MP: 3/3
   861 | D:2      | Found a faded altar of an unknown god.
   890 | D:2      | Reached skill level 5 in Ranged Weapons
   892 | D:2      | Reached XP level 3. HP: 18/18 MP: 4/4
  1171 | D:2      | Slain by a gnoll

Vanquished Creatures
  2 adders (D:2)
  A worm (D:2)
  An endoplasm (D:2)
  A giant cockroach (D:1)
  4 goblins
  4 hobgoblins
  2 quokkas (D:2)
  2 ball pythons (D:1)
  2 bats (D:2)
  A frilled lizard (D:2)
  2 kobolds
  A rat (D:1)
23 creatures vanquished.

Table legend:
 A = Non-vault XP
 B = Vault XP
 C = Vault XP percentage of total XP
 D = Non-vault monster count
 E = Vault monster count
 F = Vault count percentage of total count
                 A         B        C        D         E       F
            +---------+---------+-------+---------+---------+-------
      Total |      47 |      18 |  27.7 |      19 |       4 |  17.4
            +---------+---------+-------+---------+---------+-------
        D:1 |      17 |       0 |   0.0 |      10 |       0 |   0.0
        D:2 |      30 |      18 |  37.5 |       9 |       4 |  30.8
            +---------+---------+-------+---------+---------+-------

Illustrated notes

Table legend:
 A = Kills in this place as a percentage of kills in entire the game.
 B = Kills by you in this place as a percentage of kills by you in the entire game.
 C = Kills by friends in this place as a percentage of kills by friends in the entire game.
 D = Other kills in this place as a percentage of other kills in the entire game.
 E = Experience gained in this place as a percentage of experience gained in the entire game.
 F = Experience gained in this place divided by the number of levels of this place that you have seen.
                   A       B       C       D       E      F
               +-------+-------+-------+-------+-------+----------------------
         Total | 100.0 | 100.0 |   N/A |   N/A | 100.0 |  32.5
       Dungeon | 100.0 | 100.0 |   N/A |   N/A | 100.0 |  32.5
               +-------+-------+-------+-------+-------+----------------------

Table legend: (Time is in decaauts)
 A = Elapsed time spent in this place.
 B = Non-inter-level travel time spent in this place.
 C = Inter-level travel time spent in this place.
 D = Time resting spent in this place.
 E = Time spent auto-exploring this place.
 F = Levels seen in this place.
 G = Mean time per level.
                   A        B        C        D        E       F      G
               +--------+--------+--------+--------+--------+-----+--------+
         Total |    909 |    899 |     10 |      0 |    728 |   2 |  454.5 |
       Dungeon |    909 |    899 |     10 |      0 |    728 |   2 |  454.5 |
               +--------+--------+--------+--------+--------+-----+--------+

Top non-repeatable levels by time:
     D:1: 561 daAuts
     D:2: 348 daAuts
